 Dungeon Crawl Stone Soup version 0.25-a0-1119-g28b6fd0c3b (webtiles) character file.

Game seed: 33625418288039582, levelgen mode: deterministic

223 Masnef the Shield-Bearer (level 6, -11/48 HPs)
             Began as a Formicid Fighter on May 18, 2020.
             Mangled by an ogre
             ... wielding a +0 giant club
              (22 damage)
             ... on level 4 of the Dungeon.
             The game lasted 00:04:59 (3633 turns).

Masnef the Shield-Bearer (Formicid Fighter)         Turns: 3633, Time: 00:04:59

Health: -11/48     AC:  7    Str: 21    XL:     6   Next: 20%
Magic:  6/6        EV:  8    Int:  9    God:
Gold:   212        SH:  9    Dex: 10    Spells: 5/5 levels left

rFire    . . .     SeeInvis +   z - +2 mace (vorpal)
rCold    . . .     Gourm    .   c - +0 kite shield
rNeg     . . .     Faith    .   b - +0 scale mail
rPois    .         Spirit   .   (helmet unavailable)
rElec    .         Reflect  .   (no cloak)
rCorr    .         Harm     .   (no gloves)
MR       .....                  (no boots)
Stlth    ..........             (no amulet)
HPRegen  0.16/turn              (no ring)
MPRegen  0.10/turn              (no ring)

@: no status effects
A: permanent stasis, dig shafts and tunnels, four strong arms, antennae 3
a: Dig, Shaft Self


You were on level 4 of the Dungeon.
You were not hungry.

You visited 1 branch of the dungeon, and saw 4 of its levels.

You collected 212 gold pieces.

Inventory:

Hand Weapons
 a - a +0 war axe
 i - a +1 flail of holy wrath
 l - a +2 mace of draining
 m - a -1 whip
 x - a -2 quarterstaff
 z - a +2 vorpal mace (weapon)
Armour
 b - a +0 scale mail (worn)
 c - a +0 kite shield (worn)
Scrolls
 e - 2 scrolls of blinking {unknown}
 n - 2 scrolls of remove curse
 o - a scroll of enchant weapon {unknown}
 r - 2 scrolls of fear {unknown}
 s - a scroll of teleportation {unknown}
 y - 2 scrolls of random uselessness {unknown}
Potions
 d - a potion of might
 g - a potion of invisibility {unknown}
 h - 3 potions of heal wounds
 j - a potion of flight {unknown}
 k - a potion of resistance {unknown}
 p - a potion of curing {unknown}
 q - a potion of lignification {unknown}
 u - 2 potions of haste {unknown}
 v - a potion of stabbing {unknown}
 w - a potion of mutation {unknown}
Comestibles
 f - 5 rations
 t - 2 chunks of flesh


   Skills:
 + Level 4.0 Fighting
 - Level 3.7(3.9) Axes
 + Level 1.4(2.8) Maces & Flails
 + Level 4.2 Armour
 + Level 1.2 Dodging
 + Level 4.5 Shields


You had 5 spell levels left.
You didn't know any spells.
Your spell library was empty.

Dungeon Overview and Level Annotations

Branches:
Dungeon (4/15)
 Temple: D:4-7

Altars:
Ashenzari
Dithmenos
Sif Muna
Uskayaw


Innate Abilities, Weirdness & Mutations

You cannot be hasted, slowed, berserked, paralysed or teleported.
You can dig through walls and to a lower floor.
Your four strong arms can wield two-handed weapons with a shield.
You have a pair of large antennae on your head. (SInv)


Message History

You sock the ball python skeleton!
You destroy the ball python skeleton!
You block the ogre's attack.
You hit the ogre.
The ogre is lightly wounded.
You block the giant cockroach's attack. x2
The ogre hits you with a +0 giant club!!
Ouch! That really hurt!
You are too injured to fight recklessly!
You hit the ogre.
The ogre is moderately wounded.
You block the ogre's attack.
Your scale mail prevents you from hitting the ogre.
The ogre is moderately wounded.
The ogre hits you with a +0 giant club!
* * * LOW HITPOINT WARNING * * *
You hit the ogre.
The ogre is moderately wounded.
The ogre hits you with a +0 giant club!!
You die...

####........#
#$..........# #[......#
#........#####.......#
#.>..................#
.##.>.......####.......#
.....(......## #.......#
............# #.......#
(###........#####.......#
#####.......@Os.!....#
.## ##.......#####.###
..# ###..#### ... #..#
#.###.## #.....##
###.<..# . #....# #.
##.##.......


You could see an ogre and a giant cockroach.

Vanquished Creatures
  A water moccasin skeleton (D:3)
  8 adders
  A gnoll (D:1)
  3 worms (D:2)
  A dart slug (D:1)
  2 leopard geckos
  8 orcs
  7 giant cockroaches
  5 goblins
  6 hobgoblins
  5 jackals
  10 kobolds
  A ball python skeleton (D:4)
  2 bats
  8 frilled lizards
  A leopard gecko skeleton (D:4)
  5 rats
74 creatures vanquished.

Notes
Turn   | Place    | Note
-------+----------+-------------------------------------------
     0 | D:1      | Masnef the Formicid Fighter began the quest for the Orb.
     0 | D:1      | Reached XP level 1. HP: 18/18 MP: 1/1
    52 | D:1      | Reached XP level 2. HP: 11/24 MP: 2/2
   592 | D:1      | Reached XP level 3. HP: 29/29 MP: 3/3
  1145 | D:2      | Reached XP level 4. HP: 21/35 MP: 4/4
  1748 | D:2      | Reached skill level 1 in Maces & Flails
  2179 | D:2      | Reached XP level 5. HP: 41/41 MP: 5/5
  2867 | D:3      | Reached skill level 1 in Dodging
  2867 | D:3      | Reached XP level 6. HP: 31/48 MP: 6/6
  3272 | D:3      | Found a hide-covered altar of Uskayaw.
  3272 | D:3      | Found a shadowy altar of Dithmenos.
  3279 | D:3      | Found a shattered altar of Ashenzari.
  3279 | D:3      | Found a shimmering blue altar of Sif Muna.
  3624 | D:4      | Noticed an ogre
  3633 | D:4      | Mangled by an ogre

Illustrated notes

Levels and vault maps discovered:
D:1:      saegor_arrival_simple_c, layout_basic
D:2:      layout_basic
D:3:      minmay_wonky_spiral, layout_loops_ring, grunt_temple_overflow_open
D:4:      layout_rooms, elyvilon_altar_3

Skill      XL: |  1  2  3  4  5  6 |
---------------+-------------------+-----
Axes           | 3 |  3.7
Maces & Flails | 1 |  1.4
Shields        | 4 |  4.5
Armour         | 4 |  4.2
Dodging        | 1 |  1.2
Fighting       | 4 |  4.0

Action                   |  1- 3 |  4- 6 || total
-------------------------+-------+-------++-------
Melee: War axe           |    56 |   148 ||   204
       Flail             |    24 |       ||    24
       Whip              |    12 |       ||    12
       Mace              |       |    10 ||    10
  Use: Scroll            |     2 |     1 ||     3
  Eat: Chunk             |     1 |     8 ||     9
Armor: Scale mail        |    32 |    52 ||    84
Dodge: Dodged            |    26 |    49 ||    75
Block: Kite shield       |    43 |    80 ||   123

Table legend:
 A = Non-vault XP
 B = Vault XP
 C = Vault XP percentage of total XP
 D = Non-vault monster count
 E = Vault monster count
 F = Vault count percentage of total count
                 A         B        C        D         E       F
            +---------+---------+-------+---------+---------+-------
      Total |     311 |       8 |   2.5 |      71 |       3 |   4.1
            +---------+---------+-------+---------+---------+-------
        D:1 |      40 |       0 |   0.0 |      17 |       0 |   0.0
        D:2 |     131 |       0 |   0.0 |      28 |       0 |   0.0
        D:3 |     136 |       8 |   5.6 |      22 |       3 |  12.0
        D:4 |       4 |       0 |   0.0 |       4 |       0 |   0.0
            +---------+---------+-------+---------+---------+-------
